 Dungeon Crawl Stone Soup version 0.26.1-11-gd32895ea62 (webtiles) character file.

Game seed: 5258702847043763488

22 jlumianski the Caller (level 2, 0/11 HPs)
             Began as a Felid Summoner on May 14, 2021.
             Slain by a gnoll
             ... wielding a +0 spear
              (11 damage)
             ... on level 2 of the Dungeon.
             The game lasted 00:06:54 (1383 turns).

jlumianski the Caller (Felid Summoner)              Turns: 1383, Time: 00:06:55

Health: 0/11       AC:  1    Str:  4    XL:     2   Next: 68%
Magic:  3/6        EV: 18    Int: 16    God:
Gold:   39         SH:  0    Dex: 16    Spells: 2/5 levels left
                                        Lives:  0   Deaths: 0

rFire    . . .     SeeInvis +   (weapon unavailable)
rCold    . . .     Faith    .   (shield unavailable)
rNeg     . . .     Spirit   .   (armour unavailable)
rPois    .         Reflect  .   (helmet unavailable)
rElec    .         Harm     .   (cloak unavailable)
rCorr    .         Rampage  .   (gloves unavailable)
Will     .....                  (boots unavailable)
Stlth    +++.......             a - amulet of regeneration
HPRegen  0.43/turn              (no ring)
MPRegen  0.10/turn              (no ring)

@: quick
A: very small, no armour, no weapons or thrown items, stealth, claws 1, fangs 3,
see invisible, speed 1, shaggy fur 1, sharp paws
a: no special abilities


You were on level 2 of the Dungeon.
You visited 1 branch of the dungeon, and saw 2 of its levels.

You collected 39 gold pieces.

Inventory:

Jewellery
 a - an amulet of regeneration (around neck)
Scrolls
 b - a scroll of amnesia {unknown}
 c - 2 scrolls of teleportation {unknown}
 g - a scroll of noise {unknown}
 h - a scroll of identify
 i - 2 scrolls of remove curse
Potions
 d - a potion of brilliance {unknown}
 e - a potion of ambrosia {unknown}
 f - a potion of cancellation {unknown}
 j - a potion of invisibility {unknown}


   Skills:
 + Level 3.1 Dodging
 + Level 2.7 Stealth
 + Level 2.1 Spellcasting
 + Level 4.6 Summonings


You had 2 spell levels left.
You knew the following spells:

 Your Spells              Type           Power        Failure   Level
a - Summon Small Mammal   Summ           64%          3%          1
b - Call Imp              Summ           16%          4%          2

Your spell library contained the following spells:

 Spells                   Type           Power        Failure   Level
 Call Canine Familiar     Summ           16%          10%         3
 Summon Guardian Golem    Hex/Summ       9%           24%         3
 Summon Ice Beast         Ice/Summ       9%           61%         4
 Summon Lightning Spire   Summ/Air       9%           61%         4


Dungeon Overview and Level Annotations

Branches:
Dungeon (2/15)

Altars:


Innate Abilities, Weirdness & Mutations

You cannot wear armour.
You are incapable of wielding weapons or throwing items.
Your paws allow you to move quietly. (Stealth)
You have sharp claws.
You have razor-sharp teeth.
You have supernaturally acute eyesight. (SInv)
You cover ground quickly.
You are covered in fur. (AC +1)
Your sharp claws are effective at attacking unaware monsters.


Message History

Your bat dies!
Your bat's corpse disappears in a puff of smoke!
Casting: Summon Small Mammal (safe; 3% risk of failure)
Confirm with . or Enter, or press ? or * to list all spells.
You swap places.
Your bat closely misses the gnoll.
Your bat hits the gnoll.
The gnoll dies!
(D) Dungeon
Where to? (? - help)
What level of the Dungeon? (default 1, ? - help)
Your bat disappears in a puff of smoke!
There is a stone staircase leading down here.
You climb downwards.
There is a stone staircase leading up here.
A gnoll is nearby!
The gnoll completely misses you.
There is a stone staircase leading up here.
The gnoll hits you with a +0 spear!
Ouch! That really hurt!
You die...

#..# #.. #..# #.# #
#..#.#. #.# .. #.#..#.#.
#.# ...g#.#..#.#.# #.#
.......B^#.#.# #.# #
#g###gr#.#.# #.###.#.#
#....5.#.#.###........
.#####..#.#..@......#.#
#..........#.g.........#
..#####..###..######...#
#...........# ..#
...####.####.# .# # #.#
#.# # #.# #.# #.# ..#
#.# ...


You could see a gnoll.

Vanquished Creatures
  An ooze (D:1)
1 creature vanquished.

Vanquished Creatures (collateral kills)
  A gnoll (D:1)
  2 dart slugs (D:1)
  A leopard gecko (D:1)
  2 giant cockroaches (D:1)
  2 goblins
  3 hobgoblins (D:1)
  A ball python (D:1)
  2 bats (D:1)
  A frilled lizard (D:1)
  2 kobolds (D:1)
  A rat (D:1)
18 creatures vanquished.

Grand Total: 19 creatures vanquished

Notes
Turn   | Place    | Note
-------+----------+-------------------------------------------
     0 | D:1      | jlumianski the Felid Summoner began the quest for the Orb.
     0 | D:1      | Reached XP level 1. HP: 7/7 MP: 4/4
   644 | D:1      | Reached XP level 2. HP: 11/11 MP: 0/6
   707 | D:1      | Learned a level 2 spell: Call Imp
  1383 | D:2      | Slain by a gnoll

Illustrated notes

Levels and vault maps discovered:
D:1:      ebering_hopf_link, layout_basic
D:2:      minmay_general_purpose_star, layout_basic, tso_metal_star

Skill      XL: |  1 |
---------------+----+-----
Dodging        | 3 |  3.1
Stealth        | |  2.7
Spellcasting   | |  2.1
Summonings     | |  4.6

Action                   || total
-------------------------++-------
Melee: Unarmed           ||     9
       Bite              ||     1
 Cast: Summon Small Mamm ||    51
       Call Imp          ||     6
  Use: Scroll            ||     2
Armor: Skin              ||     2
Dodge: Dodged            ||    17
